 Dungeon Sprint DCSS version 0.17-a0-1635-gd4e48f1 (webtiles) character file.

30917 Kidiri the Hoplite (level 13, -14/68 HPs)
             Began as a Gargoyle Fighter on Aug 3, 2015.
             Was a High Priest of Okawaru.
             Rolled over by a boulder beetle (29 damage)
             ... in the Dungeon (Sprint IX: "|||||||||||||||||||||||||||||") on Aug 4, 2015.
             The game lasted 00:24:28 (4935 turns).

Kidiri the Hoplite (Gargoyle Fighter)               Turns: 4935, Time: 00:24:28

Health: -14/68     AC: 44    Str: 22 (23) XL:     13   Next: 54%
Magic:  14/20      EV:  8    Int: 10      God:    Okawaru [*****.]
Gold:   1929       SH: 16    Dex: 10      Spells: 0 memorised, 12 levels left

rFire  . . .     SeeInvis .     x - +1 mace (crush)
rCold  . . .     Clarity  .     E - +0 plate armour {MR+}
rNeg   + . .     SustAt   .     c - +0 shield
rPois  ∞         Gourm    .     r - +1 helmet
rElec  +         Spirit   .     g - +1 cloak {rPois}
rCorr  .         Warding  .     s - +1 pair of gloves
rMut   .         NoTele   +     A - +0 pair of boots
MR     +....                    (no amulet)
Stlth  ..........               u - +2 ring of protection
                                t - +2 ring of protection

@: somewhat resistant to hostile enchantments, extremely unstealthy
A: negative energy resistance 1, electricity resistance, unbreathing,
petrification resistance, rot immunity, AC +9
a: Heroism, Finesse, Renounce Religion


You were in the Dungeon.
You worshipped Okawaru.
Okawaru was extremely pleased with you.
You were full.

You visited 1 branch You collected 1929 gold pieces.

Inventory:

Hand weapons
 x - a +1 mace of crushing (weapon)
Armour
 c - a +0 shield (worn)
 g - a +1 cloak of poison resistance (worn)
 r - a +1 helmet (worn)
 s - a +1 pair of gloves (worn)
 A - a +0 pair of boots (worn)
 E - a +0 plate armour of magic resistance (worn)
Jewellery
 a - an uncursed ring of protection from magic
 t - a +2 ring of protection (left hand)
 u - a +2 ring of protection (right hand)
Magical devices
 p - a wand of draining (5)
Scrolls
 k - 6 scrolls of blinking
 n - 4 scrolls of remove curse
 o - 2 scrolls of amnesia
 v - 3 scrolls of fear
 C - a scroll of recharging
Potions
 b - 3 potions of agility
 d - a potion of might
 f - 8 potions of curing
 h - a potion of haste
 i - 4 potions of magic
 j - a potion of berserk rage
 l - 2 potions of cure mutation
 m - a potion of invisibility
Comestibles
 e - 13 bread rations
 w - 40 fruits
 z - 10 meat rations


   Skills:
 - Level 3.2 Fighting
 + Level 15.1 Maces & Flails
 * Level 21.9 Armour
 * Level 22.0 Shields
 - Level 10.4 Invocations


You had 12 spell levels left.
You didn't know any spells.

Dungeon Overview and Level Annotations

Branches:
Dungeon (1/1)

Altars:
Cheibriados
Dithmenos
Elyvilon
Fedhas
Gozag
Kikubaaqudgha
Makhleb
Nemelex Xobeh
Okawaru
Qazlal
Ru
Sif Muna
Trog
Vehumet
Xom
Yredelemnul
Zin
The Shining One
Beogh
Jiyva
Lugonu

Shops:
D *?(:


Innate Abilities, Weirdness & Mutations

You are resistant to torment.
Your stone body is resilient (AC +9).
You are immune to poison.
You resist negative energy.
You are resistant to electric shocks.
You can survive without breathing.
You are immune to petrification.
You are immune to rotting.


Message History

8 arrows; a whip
Things that are here:
a dagger of venom; a robe; 15 arrows You see here 5 arrows.
You see here 6 arrows.
You block the boulder beetle.
The boulder beetle stops rolling.
The boulder beetle curls into a ball and starts rolling!
The boulder beetle smashes into you!
* * * LOW HITPOINT WARNING * * *
The boulder beetle stops rolling.
A boulder beetle is nearby!
You are no longer corroded.
The boulder beetle curls into a ball and starts rolling!
The boulder beetle hits an unnaturally hard rock wall.
The boulder beetle stops rolling.
The boulder beetle curls into a ball and starts rolling!
You feel like a meek peon again.
Your hands slow down.
The boulder beetle smashes into you!
You die...

▓_▓.▓.▓.▓.▓.▓)▓.▓.▓
▓_▓.▓.▓.▓.▓.▓.▓.▓.▓
▓_▓.▓.▓.▓.▓.▓[▓§▓§▓
▓_▓.▓.▓.▓.▓.▓[▓.♣[♣
▓_▓.▓.▓.▓.▓.▓[▓§♣§♣
▓_▓.▓.▓.▓)▓.▓[▓§♣.♣
▓_▓.▓.▓.▓)▓.▓[▓y♣.♣
▓_▓.▓.▓.▓)▓.▓[▓B♣.♣
▓_▓.▓.▓.▓)▓.▓.▓@♣p♣
▓_▓.▓÷▓.▓)▓.▓[▓.♣.♣
▓_▓.▓.▓.▓.▓.▓.▓.♣.♣
▓_▓.▓.▓.▓.▓.▓.▓.♣.♣
▓_▓.▓.▓.▓.▓.▓.▓.♣[♣
▓_▓.▓.▓.▓.▓.▓.▓.▓†▓
▓_▓.▓.▓.▓.▓.▓.▓.▓.▓
▓_▓.▓.▓.▓.▓.▓.▓.▓p▓
▓_▓.▓.▓.▓.▓.▓.▓.▓.▓


You could see a boulder beetle and a hornet.

Vanquished Creatures
  Gastronok (D)
  A ghost moth (D)
  An ettin (D)
  Josephine (D)
  A naga warrior (D)
  4 hydras (D)
  An anaconda (D)
  2 catoblepae (D)
  A death yak (D)
  A tengu warrior (D)
  A deep troll shaman (D)
  A deep troll earth mage (D)
  2 naga sharpshooters (D)
  A vampire mage (D)
  A giant orange brain (D)
  A wizard (D)
  2 swamp dragons (D)
  A naga ritualist (D)
  A mana viper (D)
  10 orc knights (D)
  2 orc sorcerers (D)
  A griffon (D)
  2 elephants (D)
  A naga mage (D)
  5 spiny frogs (D)
  2 black mambas (D)
  A yaktaur (D)
  3 slime creatures (D)
  A deep elf mage (D)
  5 wraiths (D)
  A redback (D)
  7 yaks (D)
  A vampire mosquito (D)
  A hippogriff (D)
  A wolf (D)
  A soldier ant (D)
  A porcupine (D)
  A water moccasin (D)
  An ice beast (D)
  17 orc warriors (D)
  A swamp drake (D)
  3 crocodiles (D)
  2 giant frogs (D)
  A crimson imp (D)
  A quasit (D)
  A hound (D)
  A jelly (D)
  5 orc priests (D)
  4 orc wizards (D)
  An iguana (D)
  A worker ant (D)
  An adder (D)
  2 adder skeletons (D)
  5 orcs (D)
  A bat skeleton (D)
  A hobgoblin (D)
  A bat (D)
  A giant gecko skeleton (D)
  A giant gecko zombie (D)
  A giant newt (D)
  2 goblins (D)
127 creatures vanquished.

Vanquished Creatures (others)
  A naga ritualist (D)
  An orb spider (D)
2 creatures vanquished.

Grand Total: 129 creatures vanquished

Notes
Turn   | Place    | Note
--------------------------------------------------------------
     0 | D        | Kidiri the Gargoyle Fighter began the quest for the Orb.
     0 | D        | Reached XP level 1. HP: 14/14 MP: 1/1
    16 | D        | Reached skill level 4 in Armour
    68 | D        | Noticed a crimson imp
    68 | D        | Noticed a worker ant
    77 | D        | Killed a crimson imp
    77 | D        | Reached skill level 5 in Armour
    77 | D        | Reached skill level 5 in Shields
    77 | D        | Reached XP level 2. HP: 19/19 MP: 2/2
    77 | D        | Reached XP level 3. HP: 23/23 MP: 3/3
    86 | D        | Killed a worker ant
    86 | D        | Reached skill level 6 in Armour
    86 | D        | Reached XP level 4. HP: 13/28 MP: 4/4
   237 | D        | Found a glowing silver altar of Zin.
   237 | D        | Found a glowing golden altar of the Shining One.
   237 | D        | Found an ancient bone altar of Kikubaaqudgha.
   237 | D        | Found a basalt altar of Yredelemnul.
   237 | D        | Found a shimmering altar of Xom.
   237 | D        | Found a radiant altar of Vehumet.
   238 | D        | Found an iron altar of Okawaru.
   239 | D        | Found a burning altar of Makhleb.
   240 | D        | Found a deep blue altar of Sif Muna.
   241 | D        | Found a bloodstained altar of Trog.
   242 | D        | Found a sparkling altar of Nemelex Xobeh.
   243 | D        | Found a white marble altar of Elyvilon.
   244 | D        | Found a roughly hewn altar of Beogh.
   245 | D        | Found a viscous altar of Jiyva.
   246 | D        | Became a worshipper of Warmaster Okawaru
   247 | D        | Found a corrupted altar of Lugonu.
   248 | D        | Found a blossoming altar of Fedhas.
   249 | D        | Found a snail-covered altar of Cheibriados.
   250 | D        | Found a shadowy altar of Dithmenos.
   251 | D        | Found a stormy altar of Qazlal.
   252 | D        | Found an opulent altar of Gozag.
   253 | D        | Found a sacrificial altar of Ru.
   315 | D        | Noticed a hound
   315 | D        | Noticed a quasit
   315 | D        | Noticed an orc wizard
   315 | D        | Noticed a deep elf mage
   315 | D        | Noticed an orc warrior
   328 | D        | Killed a hound
   328 | D        | Reached skill level 7 in Armour
   328 | D        | Reached skill level 1 in Invocations
   353 | D        | Killed a quasit
   353 | D        | Reached XP level 5. HP: 26/32 MP: 6/6
   381 | D        | Killed an orc wizard
   381 | D        | Reached skill level 8 in Armour
   401 | D        | Killed a deep elf mage
   401 | D        | Acquired Okawaru's first power
   401 | D        | Reached skill level 5 in Maces & Flails
   401 | D        | Reached skill level 9 in Armour
   401 | D        | Reached XP level 6. HP: 27/37 MP: 6/9
   439 | D        | Killed an orc warrior
   439 | D        | Reached skill level 10 in Armour
   439 | D        | Reached skill level 5 in Invocations
   645 | D        | Noticed a six-headed hydra
   645 | D        | Noticed a soldier ant
   645 | D        | Noticed a jelly
   663 | D        | Killed a six-headed hydra
   663 | D        | Reached skill level 11 in Armour
   663 | D        | Reached XP level 7. HP: 19/41 MP: 8/12
   663 | D        | Reached XP level 8. HP: 21/46 MP: 8/13
   686 | D        | Killed a soldier ant
   686 | D        | Reached skill level 12 in Armour
   691 | D        | Killed a jelly
   858 | D        | Noticed a water moccasin
   858 | D        | Noticed a crocodile
   858 | D        | Noticed a yak
   858 | D        | Noticed a spiny frog
   858 | D        | Noticed a porcupine
   858 | D        | Noticed a wolf
   862 | D        | Noticed an iguana
   868 | D        | Killed a water moccasin
   874 | D        | Noticed a spiny frog
   877 | D        | Killed a crocodile
   885 | D        | Killed a yak
   898 | D        | Killed a spiny frog
   898 | D        | Reached skill level 13 in Armour
   898 | D        | Reached XP level 9. HP: 33/51 MP: 13/15
   901 | D        | Killed a porcupine
   915 | D        | Killed a wolf
   922 | D        | Killed an iguana
   929 | D        | Killed a spiny frog
  1146 | D        | Noticed a crocodile
  1154 | D        | Killed a crocodile
  1160 | D        | Noticed a crocodile
  1160 | D        | Noticed a hippogriff
  1160 | D        | Noticed a five-headed hydra
  1160 | D        | Noticed a seven-headed hydra
  1160 | D        | Noticed a black mamba
  1160 | D        | Noticed an elephant
  1164 | D        | Noticed a giant frog
  1174 | D        | Killed a five-headed hydra
  1174 | D        | Acquired Okawaru's second power
  1174 | D        | Reached skill level 14 in Armour
  1184 | D        | Killed a seven-headed hydra
  1184 | D        | Reached XP level 10. HP: 23/56 MP: 15/17
  1191 | D        | Killed a crocodile
  1196 | D        | Killed a hippogriff
  1196 | D        | Reached skill level 10 in Maces & Flails
  1208 | D        | Killed a black mamba
  1208 | D        | Reached skill level 10 in Invocations
  1229 | D        | Killed an elephant
  1229 | D        | Reached skill level 15 in Armour
  1229 | D        | Reached skill level 15 in Shields
  1237 | D        | Killed a giant frog
  1246 | D        | Noticed a yak
  1247 | D        | Noticed an elephant
  1253 | D        | Killed a yak
  1264 | D        | Killed an elephant
  1436 | D        | Noticed a yak
  1436 | D        | Noticed a yak
  1436 | D        | Noticed a yak
  1436 | D        | Noticed a catoblepas
  1436 | D        | Noticed a yak
  1436 | D        | Noticed a yak
  1439 | D        | Noticed a catoblepas
  1444 | D        | Killed a yak
  1450 | D        | Killed a yak
  1451 | D        | Noticed a death yak
  1476 | D        | Killed a catoblepas
  1498 | D        | Killed a catoblepas
  1498 | D        | Reached skill level 16 in Armour
  1498 | D        | Reached XP level 11. HP: 28/60 MP: 13/18
  1523 | D        | Killed a death yak
  1523 | D        | Received a gift from Okawaru
  1536 | D        | Killed a yak
  1544 | D        | Killed a yak
  1552 | D        | Killed a yak
  1731 | D        | Noticed Josephine
  1731 | D        | Noticed a wraith
  1731 | D        | Noticed a wraith
  1731 | D        | Noticed a wraith
  1732 | D        | Noticed a wraith
  1746 | D        | Killed a wraith
  1748 | D        | Noticed a wraith
  1758 | D        | Killed Josephine
  1758 | D        | Reached skill level 17 in Armour
  1767 | D        | Killed a wraith
  1777 | D        | Killed a wraith
  1783 | D        | Killed a wraith
  1798 | D        | Killed a wraith
  1877 | D        | Noticed an orc warrior
  1877 | D        | Noticed an orc wizard
  1877 | D        | Noticed an orc warrior
  1877 | D        | Noticed an orc warrior
  1877 | D        | Noticed an orc wizard
  1877 | D        | Noticed an orc wizard
  1884 | D        | Noticed an orc priest
  1884 | D        | Killed an orc warrior
  1889 | D        | Killed an orc wizard
  1899 | D        | Noticed an orc priest
  1907 | D        | Killed an orc warrior
  1911 | D        | Killed an orc warrior
  1915 | D        | Noticed an orc priest
  1917 | D        | Killed an orc wizard
  1965 | D        | Killed an orc wizard
  1969 | D        | Killed an orc priest
  2028 | D        | Killed an orc priest
  2310 | D        | Killed an orc priest
  2343 | D        | Noticed an orc priest
  2361 | D        | Killed an orc priest
  2388 | D        | Noticed an orc warrior
  2388 | D        | Noticed an orc warrior
  2388 | D        | Noticed an orc warrior
  2388 | D        | Noticed an orc sorcerer
  2388 | D        | Noticed an orc knight
  2388 | D        | Noticed an orc warrior
  2390 | D        | Noticed an orc knight
  2396 | D        | Killed an orc warrior
  2412 | D        | Noticed an orc warrior
  2412 | D        | Killed an orc sorcerer
  2421 | D        | Noticed an orc priest
  2438 | D        | Noticed an orc knight
  2443 | D        | Killed an orc knight
  2466 | D        | Killed an orc knight
  2471 | D        | Killed an orc warrior
  2471 | D        | Reached skill level 18 in Armour
  2476 | D        | Killed an orc warrior
  2503 | D        | Killed an orc warrior
  2541 | D        | Killed an orc knight
  2560 | D        | Killed an orc warrior
  2563 | D        | Killed an orc priest
  2579 | D        | Noticed an orc sorcerer
  2580 | D        | Noticed an orc warrior
  2618 | D        | Paralysed by an orc sorcerer for 3 turns
  2637 | D        | Paralysed by an orc sorcerer for 5 turns
  2645 | D        | Killed an orc sorcerer
  2657 | D        | Killed an orc warrior
  2872 | D        | Found Dorpheere's Assorted Antiques.
  2872 | D        | Noticed an orc warrior
  2872 | D        | Noticed an orc knight
  2872 | D        | Noticed an orc knight
  2872 | D        | Noticed an orc knight
  2872 | D        | Noticed an orc warrior
  2874 | D        | Noticed an orc knight
  2875 | D        | Noticed an orc knight
  2900 | D        | Killed an orc knight
  2901 | D        | Found Nailanos's Magic Scroll Shoppe.
  2905 | D        | Noticed an orc warrior
  2928 | D        | Killed an orc knight
  2928 | D        | Reached XP level 12. HP: 55/64 MP: 14/19
  2930 | D        | Noticed an orc warrior
  2949 | D        | Killed an orc knight
  2967 | D        | Killed an orc knight
  2967 | D        | Received a gift from Okawaru
  2970 | D        | Noticed an orc warrior
  3015 | D        | Killed an orc knight
  3016 | D        | Found Buum Lex's Weapon Emporium.
  3028 | D        | Killed an orc warrior
  3039 | D        | Killed an orc warrior
  3040 | D        | Found Ibuwoaj's Book Shoppe.
  3055 | D        | Killed an orc warrior
  3055 | D        | Reached skill level 19 in Armour
  3066 | D        | Killed an orc warrior
  3079 | D        | Killed an orc warrior
  3121 | D        | Noticed an orc warrior
  3122 | D        | Noticed an orc warrior
  3123 | D        | Noticed an orc knight
  3159 | D        | Killed an orc knight
  3161 | D        | Killed an orc warrior
  3179 | D        | Killed an orc warrior
  3292 | D        | Noticed Gastronok
  3319 | D        | Killed Gastronok
  3519 | D        | Noticed a yaktaur
  3519 | D        | Noticed a giant frog
  3519 | D        | Noticed a griffon
  3519 | D        | Noticed an orc knight
  3519 | D        | Noticed a tengu warrior
  3520 | D        | Noticed a wizard
  3525 | D        | Killed a yaktaur
  3526 | D        | Noticed an ice beast
  3538 | D        | Killed a griffon
  3542 | D        | Killed a giant frog
  3553 | D        | Killed an orc knight
  3569 | D        | Killed a tengu warrior
  3570 | D        | Noticed a slime creature
  3576 | D        | Noticed an ettin
  3577 | D        | Noticed a vampire mage
  3584 | D        | Killed a wizard
  3584 | D        | Reached skill level 20 in Armour
  3585 | D        | Noticed a deep troll shaman
  3594 | D        | Noticed a giant orange brain
  3594 | D        | Killed a slime creature
  3596 | D        | Noticed a deep troll earth mage
  3597 | D        | Killed an ice beast
  3606 | D        | Noticed a slime creature
  3616 | D        | Killed an ettin
  3631 | D        | Upgraded the game from 0.17-a0-1632-g0af21bd to 0.17-a0-1635-gd4e48f1
  3644 | D        | Killed a vampire mage
  3674 | D        | Killed a deep troll shaman
  3686 | D        | Killed a giant orange brain
  3732 | D        | Killed a deep troll earth mage
  3732 | D        | Received a gift from Okawaru
  3732 | D        | Reached XP level 13. HP: 30/68 MP: 13/20
  3741 | D        | Killed a slime creature
  4029 | D        | Noticed an anaconda
  4029 | D        | Noticed a naga mage
  4029 | D        | Noticed a naga ritualist
  4029 | D        | Noticed a mana viper
  4029 | D        | Noticed a naga ritualist
  4029 | D        | Noticed a naga sharpshooter
  4039 | D        | Noticed a black mamba
  4055 | D        | Killed an anaconda
  4061 | D        | Noticed a naga warrior
  4067 | D        | Killed a naga ritualist
  4068 | D        | Noticed a naga sharpshooter
  4080 | D        | Killed a naga mage
  4097 | D        | Killed a mana viper
  4097 | D        | Reached skill level 21 in Armour
  4115 | D        | Killed a naga sharpshooter
  4143 | D        | Killed a naga ritualist
  4156 | D        | Killed a black mamba
  4358 | D        | Killed a naga sharpshooter
  4522 | D        | Killed a naga warrior
  4621 | D        | Noticed a spiny frog
  4621 | D        | Noticed a vampire mosquito
  4621 | D        | Noticed a spiny frog
  4621 | D        | Noticed a swamp dragon
  4621 | D        | Noticed a spiny frog
  4621 | D        | Noticed a slime creature
  4632 | D        | Noticed a swamp dragon
  4637 | D        | Killed a spiny frog
  4638 | D        | Noticed a seven-headed hydra
  4641 | D        | Killed a vampire mosquito
  4649 | D        | Killed a spiny frog
  4650 | D        | Noticed a swamp drake
  4667 | D        | Killed a swamp dragon
  4667 | D        | Received a gift from Okawaru
  4673 | D        | Killed a spiny frog
  4687 | D        | Killed a slime creature
  4699 | D        | Killed a swamp dragon
  4699 | D        | Reached skill level 15 in Maces & Flails
  4714 | D        | Killed a seven-headed hydra
  4719 | D        | Killed a swamp drake
  4805 | D        | Noticed a redback
  4805 | D        | Noticed an orb spider
  4805 | D        | Noticed a boulder beetle
  4805 | D        | Noticed a hornet
  4805 | D        | Noticed an entropy weaver
  4808 | D        | Killed a redback
  4809 | D        | Noticed an entropy weaver
  4811 | D        | Noticed a wolf spider
  4823 | D        | Killed an orb spider
  4829 | D        | Killed a ghost moth
  4829 | D        | Reached skill level 22 in Shields
  4830 | D        | Noticed a tarantella
  4935 | D        | Rolled over by a boulder beetle

Vault maps used:
D:        linesprint

Action                   |  1- 3 |  4- 6 |  7- 9 | 10-12 | 13-15 || total
-------------------------+-------+-------+-------+-------+-------++-------
Melee: Flail             |    29 |   143 |   128 |   523 |       ||   823
       Mace              |       |       |       |   448 |   365 ||   813
Invok: Heroism           |       |     1 |     2 |     9 |     5 ||    17
       Finesse           |       |       |       |     8 |     5 ||    13
Evoke: Wand              |       |     1 |       |     1 |       ||     2
  Use: Potion            |       |     2 |     1 |     4 |     1 ||     8
  Eat: Chunk             |       |       |     2 |     5 |     2 ||     9
       Bread ration      |       |       |       |     1 |       ||     1
       Meat ration       |       |       |       |       |     2 ||     2
